 Dungeon Crawl Stone Soup version 0.28.0-55-gcd9437bce4 (webtiles) character file.

Game seed: 11108116787399840855

281 cbfl8 the Chopper (level 6, -1/52 HPs)
             Began as a Ghoul Gladiator on Dec 1, 2022.
             Slain by an ogre
             ... wielding a +0 giant spiked club
              (16 damage)
             ... on level 4 of the Dungeon.
             The game lasted 00:04:32 (3757 turns).

cbfl8 the Chopper (Ghoul Gladiator)                 Turns: 3757, Time: 00:04:33

Health: -1/52      AC: 12    Str: 18    XL:     6   Next: 27%
Magic:  5/5        EV: 10    Int:  3    God:
Gold:   163        SH:  0    Dex: 12    Spells: 5/5 levels left

rFire   . . .      SeeInvis .   a - +0 war axe
rCold   + . .      Faith    .   (no shield)
rNeg    + + +      Spirit   .   k - +0 scale mail
rPois   ∞          Reflect  .   p - +1 hat
rElec   .          Harm     .   (no cloak)
rCorr   .          Rampage  .   (no gloves)
Will    .....                   h - +0 pair of boots
Stlth   ..........              (no amulet)
HPRegen 0.00/turn               i - +4 ring of protection
MPRegen 0.09/turn               (no ring)

@: inhibited regen
A: claws 1, cold resistance 1, negative energy resistance 3, inhibited
regeneration, torment resistance 2
a: no special abilities


You were on level 4 of the Dungeon.
You visited 1 branch of the dungeon, and saw 4 of its levels.

You collected 163 gold pieces.

Inventory:

Hand Weapons
 a - a +0 war axe (weapon)
Missiles
 d - 3 throwing nets (quivered)
Armour
 c - a +0 helmet
 h - a +0 pair of boots (worn)
 k - a +0 scale mail (worn)
 p - a +1 hat (worn)
Jewellery
 i - a +4 ring of protection (left claw)
Scrolls
 e - 2 scrolls of fear {unknown}
 f - a scroll of holy word {unknown}
 j - 3 scrolls of identify {unknown}
 n - a scroll of enchant armour {unknown}
Potions
 b - a potion of degeneration {unknown}
 l - a potion of brilliance {unknown}
 m - a potion of might {unknown}
 o - a potion of haste {unknown}


   Skills:
 * Level 3.6 Fighting
 * Level 4.4 Axes
 - Level 2.1 Throwing
 + Level 1.4 Armour
 + Level 3.3 Dodging
 + Level 0.3 Stealth
 * Level 1.5 Evocations


You had 5 spell levels left.
You didn't know any spells.
Your spell library contained the following spells:

 Spells                   Type           Power      Damage    Failure   Level
 Sandblast                Erth           0%         2d4       89%         1
 Passwall                 Tmut/Erth      0%         N/A       96%         2
 Gell's Gravitas          Tloc           0%         N/A       99%         3
 Stone Arrow              Conj/Erth      0%         3d7       99%         3
 Teleport Other           Tloc           0%         N/A       99%         3
 Tukima's Dance           Hex            0%         N/A       99%         3
 Anguish                  Hex/Necr       0%         N/A       100%        4
 Dispersal                Tloc           0%         N/A       100%        6
 Enfeeble                 Hex            0%         N/A       100%        7


Dungeon Overview and Level Annotations

Branches:
Dungeon (4/15)
 Temple: D:4-7

Altars:
Xom

Shops:
D:3 [

Annotations:
D:2 1 runed translucent door, Crazy Yiuf
D:4 2 runed translucent doors, Fractals's ghost, amateur DECj; Natasha


Innate Abilities, Weirdness & Mutations

You thrive by killing the living.
You are immune to poison.
You have sharp fingernails.
Your flesh is cold resistant. (rC+)
You are immune to negative energy. (rN+++)
You do not regenerate when monsters are visible.
You are immune to unholy pain and torment.


Message History

You hit the giant cockroach but do no damage.
The giant cockroach bites you.
The giant cockroach bites you but does no damage.
You hit the giant cockroach.
The giant cockroach is almost dead.
The giant cockroach closely misses you.
The giant cockroach bites you but does no damage.
You hit the giant cockroach but do no damage.
The giant cockroach is almost dead.
The giant cockroach bites you but does no damage.
You barely miss the giant cockroach.
The giant cockroach is almost dead.
The giant cockroach barely misses you.
The giant cockroach bites you but does no damage.
You closely miss the giant cockroach.
The giant cockroach is almost dead.
The giant cockroach bites you but does no damage.
You closely miss the giant cockroach. Your claw misses the giant cockroach.
The giant cockroach is almost dead.
The giant cockroach barely misses you. x2
You slash the giant cockroach!
You kill the giant cockroach!
You feel better.
Found 11 gold pieces.
An ogre comes into view. It is wielding a +0 giant spiked club.
The ogre shouts!
Found 23 bolts.
An iguana and a goblin come into view.
The iguana hisses angrily.
The goblin shouts!
You see here 11 gold pieces.
Really read the scroll of immolation?
As you read the scroll of immolation, it crumbles to dust.
The creatures around you are filled with an inner flame!
Natasha, Servant of Life and Death comes into view.
The ogre hits you with a +0 giant spiked club!!
The ogre hits you with a +0 giant spiked club!!
* * * LOW HITPOINT WARNING * * *
The ogre barely misses you.
The ogre hits you with a +0 giant spiked club!
You die...

#...##.##.# #...#
####...###.#.#
#...g......... ..
#g####.#####.. .. #.# #.#
#.# #. ########l# #.# #.#
#. ......##O## #.# ##.###.
.......@..# #.# #......
#####.##..###.####......
..#####K##.............#..
.oZ..S.<###.###.####..##).
.#####..##...##.# #......
#......#....# ##.###.
#...##...#### #.# #.
#......... ..# ..
........### #### ##


You could see an ogre (inner flame), an iguana (inner flame) and a goblin (inner
flame).

Vanquished Creatures
  An orc priest (D:3)
  Terence (D:2)
  An iguana (D:4)
  3 orc wizards
  5 adders
  An ufetubus (D:3)
  2 worms
  4 dart slugs (D:1)
  3 orcs
  7 endoplasms
  4 giant cockroaches
  4 goblins
  3 hobgoblins
  2 jackals (D:3)
  8 kobolds
  A quokka (D:2)
  4 ball pythons
  3 bats
  2 frilled lizards
  6 rats
65 creatures vanquished.

Notes
Turn   | Place    | Note
-------+----------+-------------------------------------------
     0 | D:1      | cbfl8 the Ghoul Gladiator began the quest for the Orb.
     0 | D:1      | Reached XP level 1. HP: 17/17 MP: 0/0
    84 | D:1      | Reached XP level 2. HP: 18/24 MP: 1/1
    96 | D:1      | Reached skill level 3 in Axes
   638 | D:1      | Reached XP level 3. HP: 23/29 MP: 2/2
   696 | D:1      | Found a faded altar of an unknown god.
  1308 | D:2      | Reached XP level 4. HP: 35/37 MP: 3/3
  1405 | D:2      | Found a shimmering altar of Xom.
  1405 | D:2      | Noticed Terence
  1420 | D:2      | Killed Terence
  1931 | D:2      | Found a runed translucent door.
  1932 | D:2      | Noticed Crazy Yiuf
  1994 | D:2      | Reached skill level 1 in Evocations
  2151 | D:3      | Found Somyip's Armour Shoppe.
  2275 | D:3      | Reached XP level 5. HP: 45/45 MP: 4/4
  2492 | D:3      | Reached skill level 1 in Armour
  2844 | D:3      | Reached skill level 4 in Axes
  3475 | D:4      | Identified the +5 long sword of Resourcefulness {drain,
                  | Int+5}
  3493 | D:4      | Found a large runed translucent door.
  3494 | D:4      | Found a large runed translucent door.
  3497 | D:4      | Noticed Fractals's ghost (amateur DECj)
  3542 | D:4      | Reached XP level 6. HP: 48/51 MP: 5/5
  3744 | D:4      | Noticed Natasha
  3757 | D:4      | Slain by an ogre

Illustrated notes

Levels and vault maps discovered:
D:1:      minmay_arrival_four_houses, layout_rooms,
          hellmonk_ecumenical_altar_blasted
D:2:      layout_loops_ring, basic_altar, fountainhead, uniq_terence,
          uniq_crazy_yiuf_cottage
D:3:      layout_loops_corners, serial_shops, nicolae_shop_statue_plus
D:4:      layout_loops_ring, ebering_ghost_disaster_area, uniq_natasha

Skill      XL: |  1  2  3  4  5 |
---------------+----------------+-----
Throwing       | 2 |  2.1
Axes           | 3 4 |  4.4
Dodging        | 3 |  3.3
Fighting       | 3 |  3.6
Evocations     | 1 |  1.5
Armour         | 1 |  1.4
Stealth        | |  0.3

Action                   |  1- 3 |  4- 6 || total
-------------------------+-------+-------++-------
Melee: War axe           |    90 |   119 ||   209
  Use: Scroll            |       |     1 ||     1
Armor: Leather armour    |    27 |    13 ||    40
       Scale mail        |       |    51 ||    51
Dodge: Dodged            |    77 |    71 ||   148
